 Dungeon Crawl Stone Soup version 0.28-a0-793-g31680bbd8b (webtiles) character file.

Game seed: 5484452655775685124

900 Essalna the Gusty (level 7, -1/69 HPs)
             Began as a Demonspawn Air Elementalist on Nov 4, 2021.
             Slain by an unseen horror (5 damage)
             ... on level 6 of the Dungeon.
             The game lasted 00:15:25 (6898 turns).

Essalna the Gusty (Demonspawn Air Elementalist)     Turns: 6898, Time: 00:15:25

Health: -1/69      AC: 23    Str:  8    XL:     7   Next: 79%
Magic:  14/14      EV:  2    Int: 25    God:
Gold:   292        SH:  5    Dex: 19    Spells: 8/16 levels left

rFire   . . .      SeeInvis .   n - +1 dagger (vamp)
rCold   . . .      Faith    .   s - +0 buckler
rNeg    . . .      Spirit   .   (armour currently unavailable)
rPois   +          Reflect  .   (helmet currently unavailable)
rElec   .          Harm     .   (cloak currently unavailable)
rCorr   .          Rampage  .   (gloves currently unavailable)
Will    .....      NoTele   +   (boots currently unavailable)
Stlth   ++........              (no amulet)
HPRegen 0.21/turn               c - +6 ring of dexterity
MPRegen 0.14/turn               g - +6 ring of intelligence

@: mighty, tree-form, weak-willed, attractive
A: stationary, stasis, torment immunity, boosted hp, (horns 1), (molten scales
1), foul stench 1, (spiny 1)
a: no special abilities


You were on level 6 of the Dungeon.
You were a tree.
You visited 2 branches of the dungeon, and saw 7 of its levels.

You collected 292 gold pieces.

Inventory:

Hand Weapons
 e - a +0 dagger
 n - a +1 vampiric dagger (weapon)
Armour
 a - a +0 robe (melded)
 m - a +0 pair of boots (melded)
 r - a +0 helmet
 s - a +0 buckler (worn)
Jewellery
 c - a +6 ring of dexterity (left branch)
 g - a +6 ring of intelligence (right branch)
 q - a ring of resist corrosion
Wands
 t - a wand of polymorph (8)
 u - a wand of iceblast (6)
 x - a wand of acid (5)
Scrolls
 d - 2 scrolls of torment
 f - a scroll of vulnerability
 i - 4 scrolls of identify
 k - a scroll of acquirement
Potions
 h - 2 potions of might
 j - a potion of lignification
 o - a potion of attraction


   Skills:
 - Level 1.7 Dodging
 - Level 1.7 Stealth
 + Level 3.5 Shields
 + Level 5.1 Spellcasting
 - Level 3.0 Conjurations
 + Level 5.3 Air Magic


You had 8 spell levels left.
You knew the following spells:

 Your Spells              Type           Power      Damage    Failure   Level
a - Shock                 Conj/Air       100%       1d9       1%          1
b - Swiftness             Air            33%        N/A       2%          3
c - Airstrike             Air            16%        N/A       10%         4

Your spell library contained the following spells:

 Spells                   Type           Power      Damage    Failure   Level
 Static Discharge         Conj/Air       27%        N/A       2%          2
 Dazzling Flash           Conj/Hex       26%        N/A       14%         3
 Summon Guardian Golem    Hex/Summ       6%         N/A       26%         3
 Iskenderun's Mystic Bla  Conj/Tloc      13%        2d5       41%         4
 Starburst                Conj/Fire      6%         6d4       100%        6
 Orb of Destruction       Conj           10%        9d5       100%        7
 Spellforged Servitor     Conj/Summ      6%         N/A       100%        7


Dungeon Overview and Level Annotations

Branches:
Dungeon (6/15)             Temple (1/1) D:5

Altars:
Cheibriados
Dithmenos
Elyvilon
Fedhas
Gozag
Kikubaaqudgha
Makhleb
Nemelex Xobeh
Okawaru
Ru
Trog
Uskayaw
Xom
Yredelemnul
Zin
The Shining One

Annotations:
D:3 Sigmund


Innate Abilities, Weirdness & Mutations

You are a tree.
Your roots penetrate the ground, keeping you stationary.
You cannot be teleported.
You are immune to unholy pain and torment.
Your maximum health is greatly increased.
Your equipment is partially melded.
((You have a pair of small horns on your head.))
((You are partially covered in molten scales. (AC +2)))
You may rarely emit foul miasma when damaged in melee.
((You are partially covered in sharp spines.))


Message History

The howler monkey hoots and howls with incredible vigour!
You hear a shout! x5
Something is attracted toward you.
Okay, then.
Okay, then.
Unknown command.
As you read the scroll labelled LUSIUR XUWN, it crumbles to dust.
Magic quickly surges around you.
It was a scroll of vulnerability.
Something hits you but does no damage. The howler monkey hits you.
* * * LOW HITPOINT WARNING * * *
You emit a cloud of foul miasma!
The howler monkey is engulfed in dark miasma.
The howler monkey is poisoned.
You block the howler monkey's attack. Something is attracted toward you.
As you read the scroll labelled XOEMOL QIDUHO, it crumbles to dust.
It is a scroll of identify.
k - 2 scrolls of acquirement Something hits you but does no damage.
The howler monkey is engulfed in dark miasma.
The howler monkey looks even sicker.
You kill the howler monkey!
Something is attracted toward you.
As you read the scroll labelled RIOFIM ICEUDGH, it crumbles to dust.
It is a scroll of amnesia.
Really abort (and waste the scroll)? [Y]es or [N]o only, please.
Really abort (and waste the scroll)? [Y]es or [N]o only, please.
Really abort (and waste the scroll)? [Y]es or [N]o only, please.
Really abort (and waste the scroll)?
Okay, then.
Something hits you.
* * * LOW HITPOINT WARNING * * *
You emit a cloud of foul miasma!
Something hits you.
* * * LOW HITPOINT WARNING * * *
Okay, then.
Unknown command.
Something appears at your feet! Something hits you.
You die...

,,,,,*#...[.......#.........#
,,,*,,............#.........#
,,,*,,......................#
,,,*,,..................(...#
,,,*,,.................######
,,,*,,.................#
,,****##'#'##'###..§...####
,,,,,,,*,#.##.###☼........#
,,,,,,,+,#<....○♣.........#
,,,,,,,*,#................#
,,,,,,..........#.........#
,,,,,....#...<..#.........#
,,,,............#.........#
,,**####......#.#.........#
,,*,,,........#.#.........#
,,*,**##.######+#.........#
,,,,,,,,,*,,,,............#######


There were no monsters in sight!

Vanquished Creatures
  Eustachio (D:5)
  Menkaure (D:5)
  Duvessa (D:5)
  A centaur (D:5)
  2 scorpions
  Dowan (D:5)
  A howler monkey (D:6)
  A bullfrog skeleton (D:4)
  A hound (D:5)
  Ijyb (D:4)
  An orc wizard (D:3)
  9 adders
  A dart slug (D:1)
  6 orcs
  6 endoplasms
  2 goblins (D:2)
  4 hobgoblins
  3 quokkas
  7 ball pythons
  3 bats
  4 frilled lizards
  7 kobolds
  A quokka skeleton (D:4)
  4 rats
69 creatures vanquished.

Notes
Turn   | Place    | Note
-------+----------+-------------------------------------------
     0 | D:1      | Essalna the Demonspawn Air Elementalist began the quest for
                  | the Orb.
     0 | D:1      | Reached XP level 1. HP: 13/13 MP: 3/3
   440 | D:1      | Gained mutation: You are partially covered in molten
                  | scales. (AC +2) [demonic ancestry]
   440 | D:1      | Reached XP level 2. HP: 19/19 MP: 1/5
   703 | D:1      | Found a faded altar of an unknown god.
  1070 | D:2      | Reached XP level 3. HP: 18/24 MP: 0/6
  2126 | D:3      | Noticed Sigmund
  2142 | D:3      | Gained mutation: You may rarely emit foul miasma when
                  | damaged in melee. [demonic ancestry]
  2142 | D:3      | Reached XP level 4. HP: 30/30 MP: 2/8
  2249 | D:3      | Learned a level 3 spell: Swiftness
  2254 | D:3      | Learned a level 4 spell: Airstrike
  2954 | D:3      | HP: 1/30 [something (3)]
  3537 | D:4      | Noticed a scorpion
  4013 | D:4      | Reached XP level 5. HP: 35/35 MP: 6/9
  4632 | D:4      | Noticed Ijyb
  4673 | D:4      | Killed Ijyb
  4674 | D:4      | Reached skill level 1 in Shields
  5318 | D:5      | Entered Level 5 of the Dungeon
  5409 | D:5      | Gained mutation: You are partially covered in sharp spines.
                  | [demonic ancestry]
  5409 | D:5      | Reached XP level 6. HP: 34/41 MP: 3/11
  5572 | D:5      | Found a staircase to the Ecumenical Temple.
  5587 | Temple   | Entered the Ecumenical Temple
  5791 | D:5      | Noticed Dowan
  5802 | D:5      | Noticed Duvessa
  5814 | D:5      | Killed Duvessa
  5934 | D:5      | Noticed Menkaure
  5942 | D:5      | Killed Menkaure
  5943 | D:5      | Gained mutation: You have a pair of small horns on your
                  | head. [demonic ancestry]
  5943 | D:5      | Reached XP level 7. HP: 23/46 MP: 7/13
  6293 | D:5      | Noticed Eustachio
  6303 | D:5      | Killed Eustachio
  6304 | D:5      | Reached skill level 5 in Air Magic
  6775 | D:5      | Killed Dowan
  6776 | D:5      | Reached skill level 5 in Spellcasting
  6896 | D:6      | Identified 2 scrolls of acquirement
  6898 | D:6      | Acquired a staff of fire
  6898 | D:6      | Slain by an unseen horror

Illustrated notes

Levels and vault maps discovered:
D:1:      matt_arrival_grand_opening, layout_loops_ring,
          ebering_ecumenical_altar_petrified
D:2:      layout_rooms
D:3:      layout_basic, uniq_sigmund
D:4:      layout_layer_cave, mainiacjoe_overflow_tiny_flanked, serial_rivers,
          chequers_serial_rivers_small_3, chequers_serial_rivers_micro_a,
          chequers_serial_rivers_micro_e, chequers_serial_rivers_room_b,
          chequers_serial_rivers_micro_c, minmay_goblin_kobold_house, uniq_ijyb
D:5:      layout_loops_cross, minmay_temple_entry_offerings, uniq_menkaure,
          uniq_duvessa, uniq_eustachio
D:6:      layout_basic, serial_shops, shop_statue, uniq_prince_ribbit1
Temple:   bh_familiar_temple

Skill      XL: |  1  2  3  4  5  6  7 |
---------------+----------------------+-----
Air Magic      | 3 4 5 |  5.3
Conjurations   | 2 3 |  3.0
Spellcasting   | 3 4 5 |  5.1
Shields        | 1 2 3 |  3.5
Dodging        | |  1.7
Stealth        | |  1.7

Action                   |  1- 3 |  4- 6 |  7- 9 || total
-------------------------+-------+-------+-------++-------
Melee: Dagger            |    12 |    11 |     3 ||    26
       Headbutt          |       |       |     2 ||     2
 Cast: Shock             |    67 |    96 |    30 ||   193
  Use: Scroll            |       |       |     8 ||     8
       Potion            |       |       |     4 ||     4
Armor: Robe              |     2 |    27 |     9 ||    38
       Skin              |       |       |    13 ||    13
Dodge: Dodged            |    12 |    32 |     3 ||    47
Block: Buckler           |       |     3 |     3 ||     6

Table legend: (Time is in decaauts)
 A = Elapsed time spent in this place.
 B = Non-inter-level travel time spent in this place.
 C = Inter-level travel time spent in this place.
 D = Time resting spent in this place.
 E = Time spent auto-exploring this place.
 F = Levels seen in this place.
 G = Mean time per level.
                   A        B        C        D        E       F      G
               +--------+--------+--------+--------+--------+-----+--------+
         Total |   6904 |   6493 |    411 |    418 |   5390 |   7 |  986.3 |
       Dungeon |   6713 |   6321 |    392 |    418 |   5221 |   6 | 1118.8 |
        Temple |    190 |    171 |     19 |      0 |    169 |   1 |  190.0 |
               +--------+--------+--------+--------+--------+-----+--------+

Top non-repeatable levels by time:
     D:4: 2098 daAuts
     D:3: 1563 daAuts
     D:5: 1323 daAuts
     D:1: 869 daAuts
     D:2: 794 daAuts
  Temple: 190 daAuts
     D:6: 64 daAuts
